 Dungeon Crawl Stone Soup version 0.30-a0-755-g0b50240ab4 (webtiles) character file.

Game seed: 5065967471200093468

360 DeathSun the Grasshopper (level 6, 0/51 HPs)
             Began as a Gnoll Warper on Feb 9, 2023.
             Succumbed to an orc wizard's poison
             ... on level 4 of the Dungeon.
             The game lasted 00:08:18 (3155 turns).

DeathSun the Grasshopper (Gnoll Warper)             Turns: 3155, Time: 00:08:19

Health: 0/51       AC:  6    Str: 12    XL:     6   Next: 65%
Magic:  14/14      EV: 17    Int: 12    God:
Gold:   163        SH:  0    Dex: 12    Spells: 9/15 levels left

rFire   . . .      SeeInvis .    a - +0 spear
rCold   + . .      Faith    .    (no shield)
rNeg    . . .      Spirit   .    y - +1 ring mail {rC+}
rPois   +          Reflect  .    (no helmet)
rElec   .          Harm     .    (no cloak)
rCorr   .          Rampage  .    (no gloves)
Will    .....                    (no boots)
Stlth   +                        (no amulet)
HPRegen 0.28/turn                t - +5 ring of evasion
MPRegen 0.14/turn                p - ring of poison resistance

@: lethally poisoned (0 -> -12)
A: fangs 1, strong nose, distributed training
a: no special abilities


You were on level 4 of the Dungeon.
You visited 1 branch of the dungeon, and saw 4 of its levels.

You collected 163 gold pieces.

Inventory:

Hand Weapons
 a - a +0 spear (weapon)
Missiles
 d - 3 boomerangs of dispersal
 A - 2 javelins (quivered)
Armour
 b - a +0 leather armour
 y - a +1 ring mail of cold resistance (worn)
Jewellery
 k - a ring of fire
 m - a ring of protection from cold
 p - a ring of poison resistance (right hand)
 t - a +5 ring of evasion (left hand)
Wands
 r - a wand of acid (10)
 s - a wand of mindburst (17)
Scrolls
 c - a scroll of blinking
 e - 3 scrolls of teleportation {unknown}
 f - a scroll of fear {unknown}
 g - a scroll of immolation {unknown}
 i - a scroll of poison {unknown}
 n - a scroll of magic mapping {unknown}
 q - 4 scrolls of identify {unknown}
 u - a scroll of amnesia {unknown}
 v - a scroll of noise {unknown}
 z - a scroll of enchant weapon {unknown}
Potions
 h - 2 potions of heal wounds {unknown}
 j - 2 potions of haste {unknown}
 l - a potion of brilliance {unknown}
 o - a potion of flight {unknown}
 w - a potion of attraction {unknown}
 x - a potion of invisibility {unknown}


   Skills:
 + Level 5.0 Fighting
 + Level 2.1 Short Blades
 + Level 2.1 Long Blades
 + Level 2.1 Axes
 + Level 2.1 Maces & Flails
 + Level 5.0 Polearms
 + Level 2.1 Staves
 + Level 2.1 Ranged Weapons
 + Level 3.3 Throwing
 + Level 3.3 Armour
 + Level 5.0 Dodging
 + Level 2.1 Stealth
 + Level 2.1 Shields
 + Level 2.1 Unarmed Combat
 + Level 5.4 Spellcasting
 + Level 1.7 Conjurations
 + Level 1.7 Hexes
 + Level 1.7 Summonings
 + Level 1.7 Necromancy
 + Level 5.7 Translocations
 + Level 1.7 Transmutations
 + Level 1.7 Fire Magic
 + Level 1.7 Ice Magic
 + Level 1.7 Air Magic
 + Level 1.7 Earth Magic
 + Level 1.7 Poison Magic
 + Level 2.3 Invocations
 + Level 2.1 Evocations


You had 9 spell levels left.
You knew the following spells:

 Your Spells              Type           Power      Damage    Failure   Level
a - Manifold Assault      Tloc           17%        N/A       36%         4
b - Blink                 Tloc           34%        N/A       6%          2

Your spell library contained the following spells:

 Spells                   Type           Power      Damage    Failure   Level
 Lesser Beckoning         Tloc           34%        N/A       6%          2
 Teleport Other           Tloc           17%        N/A       12%         3
 Slow                     Hex            28%        N/A       21%         1
 Vhi's Electric Charge    Tloc/Air       24%        N/A       26%         3
 Static Discharge         Conj/Air       14%        2-3/arc   30%         2
 Confusing Touch          Hex            7%         N/A       52%         3
 Vampiric Draining        Necr           7%         2d6       52%         3
 Arcjolt                  Conj/Air       3%         1d13      99%         5
 Lightning Bolt           Conj/Air       3%         1d15      99%         5


Dungeon Overview and Level Annotations

Branches:
Dungeon (4/15)
 Temple: D:4-7

Altars:

Shops:
D:3 :

Annotations:
D:3 1 runed translucent door, Crazy Yiuf


Innate Abilities, Weirdness & Mutations

You have very sharp teeth.
Your uncanny sense of smell can sniff out nearby items.
Your experience applies equally to all skills.


Message History

You hit the orc.
You kill the orc!
You hit the orc.
You kill the orc!
No target in view!
No target in view!
Something hits you.
Deactivating autopickup; reactivate with Ctrl-A.
Items here: )))) [[ ††.
You hit something. Something hits you but does no damage.
You are poisoned.
You completely miss something.
You feel sick.
You hear some strange, mumbled words.
A magic dart appears from out of thin air!
The magic dart hits you.
You closely miss something. You bite something.
You feel sick. Something hits you.
You are more poisoned.
You hit something but do no damage.
You feel sick. Something hits you but does no damage.
You are more poisoned.
You completely miss something.
You feel very sick. Something hits you.
You are lethally poisoned!
You barely miss something. Your punch misses something.
Your bite misses something.
You feel very sick.
You closely miss something.
* * * LOW HITPOINT WARNING * * *
You feel very sick. Something hits you.
* * * LOW HITPOINT WARNING * * *
You hit something but do no damage.
* * * LOW HITPOINT WARNING * * *
You feel very sick. Something hits you.
* * * LOW HITPOINT WARNING * * *
You hit something.
You die...

∆ .###.......................
............##.#......
.........##.##.#.#....
.o.......##.####......
#.##.....#.##.....#[....#..###
........##.##....(.....# ###
........###.....[.###....
...........(....{..##....
#........###.###@##.#..##
#.........### #(#....#
#......(...#####)....#.#
#..oo.o.........(.....##
#..###............$.(.# #<.#
##......####......# #..#
##...### ####... ##.## #####
#.. #..# ..


There were no monsters in sight!

Vanquished Creatures
  An ogre (D:4)
  A hound (D:3)
  A jelly (D:4)
  Natasha (thrice) (D:2)
  4 adders
  A worm (D:3)
  4 dart slugs
  9 orcs
  7 ball pythons
  3 bats
  5 endoplasms
  5 giant cockroaches
  4 goblins
  3 hobgoblins
  7 jackals
  4 kobolds
  2 quokkas
  2 frilled lizards
  7 rats
73 creatures vanquished.

Vanquished Creatures (others)
  An orc wizard (D:4)
  A fungus (D:3)
2 creatures vanquished.

Grand Total: 75 creatures vanquished

Notes
Turn   | Place    | Note
-------+----------+-------------------------------------------
     0 | D:1      | DeathSun the Gnoll Warper began the quest for the Orb.
     0 | D:1      | Reached XP level 1. HP: 20/20 MP: 6/6
   128 | D:1      | Reached XP level 2. HP: 23/26 MP: 7/7
   423 | D:1      | Reached skill level 5 in Spellcasting
   423 | D:1      | Reached XP level 3. HP: 26/31 MP: 7/9
   584 | D:1      | Reached skill level 1 in Invocations
   856 | D:2      | Noticed Natasha
   866 | D:2      | Reached skill level 1 in Short Blades
   866 | D:2      | Reached skill level 1 in Long Blades
   866 | D:2      | Reached skill level 1 in Axes
   866 | D:2      | Reached skill level 1 in Maces & Flails
   866 | D:2      | Reached skill level 1 in Staves
   866 | D:2      | Reached skill level 1 in Ranged Weapons
   866 | D:2      | Reached skill level 1 in Stealth
   866 | D:2      | Reached skill level 1 in Shields
   866 | D:2      | Reached skill level 1 in Unarmed Combat
   866 | D:2      | Reached skill level 1 in Evocations
   878 | D:2      | Killed Natasha
   879 | D:2      | Reached XP level 4. HP: 3/38 MP: 11/11
  1112 | D:2      | Noticed Natasha
  1130 | D:2      | Killed Natasha
  1131 | D:2      | Reached skill level 1 in Conjurations
  1131 | D:2      | Reached skill level 1 in Hexes
  1131 | D:2      | Reached skill level 1 in Summonings
  1131 | D:2      | Reached skill level 1 in Necromancy
  1131 | D:2      | Reached skill level 1 in Transmutations
  1131 | D:2      | Reached skill level 1 in Fire Magic
  1131 | D:2      | Reached skill level 1 in Ice Magic
  1131 | D:2      | Reached skill level 1 in Air Magic
  1131 | D:2      | Reached skill level 1 in Earth Magic
  1131 | D:2      | Reached skill level 1 in Poison Magic
  1205 | D:2      | Noticed Natasha
  1217 | D:2      | Killed Natasha
  1218 | D:2      | Reached XP level 5. HP: 31/43 MP: 12/12
  1481 | D:2      | Learned a level 4 spell: Manifold Assault
  1484 | D:2      | Learned a level 2 spell: Blink
  1583 | D:3      | Found Deocin's Book Shop.
  2282 | D:3      | Found a runed translucent door.
  2283 | D:3      | Noticed Crazy Yiuf
  2760 | D:4      | Reached XP level 6. HP: 25/50 MP: 14/14
  2872 | D:4      | Reached skill level 5 in Fighting
  2872 | D:4      | Reached skill level 5 in Polearms
  2872 | D:4      | Reached skill level 5 in Dodging
  3154 | D:4      | HP: 2/51 [something (4)]
  3155 | D:4      | Succumbed to an orc wizard's poison

Illustrated notes

Levels and vault maps discovered:
D:1:      lightli_molten_gateway, layout_loops_cross
D:2:      layout_basic, corexii_corridor_pit, uniq_natasha
D:3:      layout_rooms, serial_shops, shop, st_stairs_6, uniq_crazy_yiuf_cottage
D:4:      layout_layer_cave

Skill      XL: |  1  2  3  4  5  6 |
---------------+-------------------+-----
Spellcasting   | 5 |  5.4
Invocations    | 1 2 |  2.3
Short Blades   | 1 2 |  2.1
Long Blades    | 1 2 |  2.1
Axes           | 1 2 |  2.1
Maces & Flails | 1 2 |  2.1
Staves         | 1 2 |  2.1
Ranged Weapons | 1 2 |  2.1
Stealth        | 1 2 |  2.1
Shields        | 1 2 |  2.1
Unarmed Combat | 1 2 |  2.1
Evocations     | 1 2 |  2.1
Conjurations   | 1 |  1.7
Hexes          | 1 |  1.7
Summonings     | 1 |  1.7
Necromancy     | 1 |  1.7
Transmutations | 1 |  1.7
Fire Magic     | 1 |  1.7
Ice Magic      | 1 |  1.7
Air Magic      | 1 |  1.7
Earth Magic    | 1 |  1.7
Poison Magic   | 1 |  1.7
Throwing       | 3 |  3.3
Armour         | 3 |  3.3
Fighting       | 5 |  5.0
Polearms       | 5 |  5.0
Dodging        | 5 |  5.0
Translocations | |  5.7

Action                     |  1- 3 |  4- 6 || total
---------------------------+-------+-------++-------
  Melee: Spear             |   124 |   252 ||   376
         Bite              |    12 |    28 ||    40
         Punch             |     1 |     3 ||     4
  Throw: Javelin           |       |     6 ||     6
         Boomerang         |       |     4 ||     4
   Cast: Blink             |       |     1 ||     1
   Stab: Sleeping          |     1 |     5 ||     6
 Armour: Leather armour    |    22 |    10 ||    32
         Ring mail         |       |    24 ||    24
  Dodge: Dodged            |    60 |   128 ||   188

Table legend: (Time is in decaauts)
 A = Elapsed time spent in this place.
 B = Non-inter-level travel time spent in this place.
 C = Inter-level travel time spent in this place.
 D = Time resting spent in this place.
 E = Time spent auto-exploring this place.
 F = Levels seen in this place.
 G = Mean time per level.
                   A        B        C        D        E       F      G
               +--------+--------+--------+--------+--------+-----+--------+
         Total |   3148 |   2907 |    241 |      0 |   2163 |   4 |  787.0 |
       Dungeon |   3148 |   2907 |    241 |      0 |   2163 |   4 |  787.0 |
               +--------+--------+--------+--------+--------+-----+--------+

Top non-repeatable levels by time:
     D:3: 1239 daAuts
     D:2: 807 daAuts
     D:1: 719 daAuts
     D:4: 381 daAuts
